 Dungeon Crawl Stone Soup version 0.31-a0-142-g31f6795574 (webtiles) character file.

Game seed: 17181907217896080523

1190 pokeman the Thaumaturge (level 8, -2/45 HPs)
             Began as a Deep Elf Hedge Wizard on June 3, 2023.
             Was an Initiate of Vehumet.
             Killed by divine providence
             ... invoked by an orc priest
              (10 damage)
             ... on level 5 of the Dungeon.
             The game lasted 00:11:08 (6556 turns).

pokeman the Thaumaturge (Deep Elf Hedge Wizard)     Turns: 6556, Time: 00:11:09

Health: -2/45      AC:  6    Str:  9    XL:     8   Next: 19%
Magic:  1/23       EV: 13    Int: 22    God:    Vehumet [......]
Gold:   237        SH:  0    Dex: 14    Spells: 17/25 levels left

rFire   + . .        s - +5 dagger of Autumn {protect, rElec rF+ Will+ Str+2}
rCold   . . .        (no shield)
rNeg    . . .        A - +1 robe {Will+}
rPois   .            t - +0 helmet
rElec   +            u - +0 cloak
rCorr   +            y - +0 pair of gloves
SInv    .            (no boots)
Will    ++...        (no amulet)
Stlth   ++           k - ring of resist corrosion
HPRegen 0.27/turn    (no ring)
MPRegen 0.18/turn

%: no passive effects
@: no status effects
A: no striking features
a: Renounce Religion


You were on level 5 of the Dungeon.
You worshipped Vehumet.
Vehumet was noncommittal.
You visited 2 branches of the dungeon, and saw 6 of its levels.
You also visited: Sewer.

You collected 237 gold pieces.

Inventory:

Hand Weapons
 a - a +1 spear of venom
 c - a +2 quarterstaff of chaos
 s - the +5 dagger of Autumn (weapon) {protect, rElec rF+ Will+ Str+2}
   (You found it on level 3 of the Dungeon)

   Str:       It affects your strength (+2).
   rF:        It protects you from fire.
   rElec:     It insulates you from electricity.
   Will:      It increases your willpower.
Armour
 b - a +0 robe
 t - a +0 helmet (worn)
 u - a +0 cloak (worn)
 y - a +0 pair of gloves (worn)
 A - a +1 robe of willpower (worn)
Jewellery
 k - a ring of resist corrosion (left hand)
Scrolls
 e - 6 scrolls of teleportation {unknown}
 g - 3 scrolls of identify {unknown}
 h - 2 scrolls of vulnerability {unknown}
 l - a scroll of noise {unknown}
 n - a scroll of magic mapping {unknown}
 o - a scroll of fog {unknown}
 r - 2 scrolls of fear {unknown}
 v - a scroll of enchant armour {unknown}
 x - a scroll of immolation {unknown}
Potions
 d - 3 potions of magic
 f - a potion of heal wounds {unknown}
 i - a potion of brilliance {unknown}
 j - a potion of lignification {unknown}
 m - a potion of degeneration {unknown}
 p - a potion of enlightenment {unknown}
 q - a potion of berserk rage {unknown}
 w - a potion of invisibility {unknown}
 z - 4 potions of curing


   Skills:
 - Level 2.4 Fighting
 + Level 1.6 Armour
 - Level 3.0 Dodging
 - Level 3.1 Stealth
 * Level 9.2 Spellcasting
 + Level 4.8 Conjurations
 + Level 3.7 Summonings
 - Level 1.1 Translocations
 - Level 1.1 Air Magic
 - Level 1.2 Poison Magic


You had 17 spell levels left.
You knew the following spells:

 Your Spells              Type           Power      Damage    Failure   Level
a - Magic Dart            Conj           100%       1d8       1%          1
b - Mephitic Cloud        Conj/Pois/Air  20%        N/A       8%          3
c - Call Imp              Summ           52%        N/A       1%          2
d - Blink                 Tloc           30%        N/A       6%          2

Your spell library contained the following spells:

 Spells                   Type           Power      Damage    Failure   Level
 Slow                     Hex            40%        N/A       7%          1
 Cigotuvi's Dreadful Rot  Necr/Pois/Air  26%        N/A       7%          2
 Dispel Undead            Necr           10%        3d9       54%         4
 Death Channel            Necr           5%         N/A       100%        6


Dungeon Overview and Level Annotations

Branches:
Dungeon (5/15)             Temple (1/1) D:5           Sewer (visited)

Altars:
Elyvilon
Gozag
Kikubaaqudgha
Makhleb
Ru
Trog
Vehumet
Lugonu


Message History

Your cerulean imp hits the orc wizard but does no damage.
The orc wizard hits you but does no damage.
You barely miss the orc wizard.
The orc wizard is heavily wounded.
Your cerulean imp barely misses the orc wizard.
The orc wizard hits you but does no damage.
Casting: Magic Dart (safe; 1% risk of failure)
Confirm with . or Enter, or press ? or * to list all spells.
Aiming: Magic Dart (safe; 1% risk of failure)
Press: ? - help, Shift-Dir - straight line, f/p - orc priest
Aim: an orc priest, wielding a +2 dagger of electrocution (lightly wounded, 100% to hit)
The magic dart hits the orc priest.
The orc priest is moderately wounded.
Your cerulean imp closely misses the orc wizard.
The orc wizard misses you.
The orc priest hits your cerulean imp with a +2 dagger of electrocution.
Casting: Magic Dart (safe; 1% risk of failure)
Confirm with . or Enter, or press ? or * to list all spells.
Aiming: Magic Dart (safe; 1% risk of failure)
Press: ? - help, Shift-Dir - straight line, f/p - orc priest
Aim: an orc priest, wielding a +2 dagger of electrocution (moderately wounded, 100% to hit)
The magic dart hits the orc priest.
The orc priest is heavily wounded.
Your cerulean imp hits the orc wizard but does no damage.
The orc wizard hits you but does no damage.
The orc priest calls down the wrath of Beogh upon you.
Beogh smites you!
* * * LOW HITPOINT WARNING * * *
Casting: Magic Dart (safe; 1% risk of failure)
Confirm with . or Enter, or press ? or * to list all spells.
Aiming: Magic Dart (safe; 1% risk of failure)
Press: ? - help, Shift-Dir - straight line, f/p - orc priest
Aim: an orc priest, wielding a +2 dagger of electrocution (heavily wounded, 100% to hit)
The magic dart hits the orc priest.
The orc priest is almost dead.
Your cerulean imp barely misses the orc wizard.
The orc wizard closely misses you.
The orc priest invokes the aid of Beogh against you.
Beogh smites you!
You die...

#.......##.#######
#.......##........
#.>...............
#.................
#.................
#....#.#...........
#...####...........
#####..##.o...#.......
.......#).@)..#.......
#......)5.#.#.#.....
#.....#o...###......
......#.).#..)#...#
........)..#.....#
....#...#####.>.## ...
#.... #.....# .. ###..
#...#...# .
.......###....


You could see an orc priest, an orc wizard (ally target) and a friendly cerulean
imp (summoned).

Vanquished Creatures
  Eustachio (D:4)
  Edmund (D:4)
  An ogre (Temple)
  2 phantoms
  A kobold brigand (Sewer)
  2 jellies
  A hound (D:5)
  An orc priest (D:5)
  Crazy Yiuf (D:3)
  Jessica (D:3)
  5 orc wizards
  Robin (D:3)
  9 adders
  7 river rats (Sewer)
  A white imp (D:5)
  2 worms (D:3)
  3 dart slugs
  12 orcs
  9 endoplasms
  3 giant cockroaches
  8 goblins
  9 hobgoblins
  9 jackals
  5 quokkas
  11 ball pythons
  6 bats
  7 frilled lizards
  4 kobolds
  9 rats
132 creatures vanquished.

Vanquished Creatures (collateral kills)
  An iguana (D:3)
  An adder (D:4)
2 creatures vanquished.

Vanquished Creatures (others)
  An orc (D:5)
1 creature vanquished.

Grand Total: 135 creatures vanquished

Notes
Turn   | Place    | Note
-------+----------+-------------------------------------------
     0 | D:1      | pokeman the Deep Elf Hedge Wizard began the quest for the
                  | Orb.
     0 | D:1      | Reached XP level 1. HP: 10/10 MP: 7/7
   332 | D:1      | Reached XP level 2. HP: 16/16 MP: 5/9
  1219 | D:1      | Reached skill level 5 in Spellcasting
  1464 | D:2      | Reached XP level 3. HP: 17/20 MP: 5/11
  1469 | D:2      | Learned a level 3 spell: Mephitic Cloud
  1472 | D:2      | Learned a level 2 spell: Call Imp
  1475 | D:2      | Learned a level 2 spell: Blink
  1827 | D:2      | Reached skill level 1 in Fighting
  1827 | D:2      | Reached skill level 1 in Armour
  2554 | D:3      | Reached XP level 4. HP: 25/25 MP: 5/13
  2692 | D:3      | Noticed Jessica
  2700 | D:3      | Killed Jessica
  2701 | D:3      | Reached skill level 6 in Spellcasting
  2701 | D:3      | Reached XP level 5. HP: 29/29 MP: 10/15
  2926 | D:3      | Found a runed translucent door.
  2927 | D:3      | Noticed Crazy Yiuf
  3257 | D:3      | Identified the +5 dagger of Autumn {protect, rElec rF+
                  | Will+ Str+2}
  3375 | D:3      | Noticed Robin
  3382 | D:3      | Killed Robin
  3478 | D:3      | Noticed a phantom
  3491 | D:3      | Killed a phantom
  3492 | D:3      | Reached skill level 1 in Air Magic
  3492 | D:3      | Reached skill level 1 in Poison Magic
  3749 | D:3      | Killed Crazy Yiuf
  3750 | D:3      | Reached XP level 6. HP: 34/34 MP: 10/17
  3961 | D:4      | Found a glowing drain.
  3974 | Sewer    | Entered a sewer
  4307 | Sewer    | Reached skill level 7 in Spellcasting
  5206 | D:4      | Noticed Eustachio
  5221 | D:4      | Reached XP level 7. HP: 39/39 MP: 17/20
  5265 | D:4      | Killed Eustachio
  5266 | D:4      | Reached skill level 8 in Spellcasting
  5464 | D:4      | Noticed Edmund
  5479 | D:4      | Killed Edmund
  6018 | D:5      | Entered Level 5 of the Dungeon
  6091 | D:5      | Found a staircase to the Ecumenical Temple.
  6100 | Temple   | Entered the Ecumenical Temple
  6184 | Temple   | Became a worshipper of Vehumet
  6336 | Temple   | Reached skill level 9 in Spellcasting
  6336 | Temple   | Reached XP level 8. HP: 13/45 MP: 13/23
  6556 | D:5      | Killed from afar by an orc priest

Illustrated notes

Levels and vault maps discovered:
D:1:      ncdulo_watergridlock, layout_basic, minmay_misc_feat_alley
D:2:      minmay_door_path, layout_loops_ring, minmay_shallow_snake_nest
D:3:      layout_loops_ring, nicolae_overflow_hidden_temple,
          supply_closet_lemuel, minmay_misc_feat_square, minmay_vboxes,
          uniq_jessica, uniq_crazy_yiuf_cottage, uniq_robin
D:4:      layout_loops_cross, gup_sewer_entry_bubbles, uniq_edmund,
          uniq_eustachio
D:5:      layout_cave_pools, nicolae_tso_swordbearing_angel,
          minmay_temple_entry_arrows, corexii_corridor_pit,
          nicolae_ea-nasir_strikes_again
Temple:   corrupted_temple

Skill      XL: |  1  2  3  4  5  6  7 |
---------------+----------------------+-----
Spellcasting   | 5 6 7 9 |  9.2
Fighting       | 1 2 |  2.4
Armour         | 1 |  1.6
Conjurations   | 2 3 4 |  4.8
Dodging        | 3 |  3.0
Stealth        | 3 |  3.1
Air Magic      | 1 |  1.1
Poison Magic   | 1 |  1.2
Summonings     | 2 3 |  3.7
Translocations | |  1.1

Action                     |  1- 3 |  4- 6 |  7- 9 || total
---------------------------+-------+-------+-------++-------
  Melee: Dagger            |       |    88 |    51 ||   139
         Punch             |       |       |     3 ||     3
   Cast: Magic Dart        |   106 |   149 |    67 ||   322
         Mephitic Cloud    |       |     5 |    16 ||    21
         Call Imp          |       |     3 |     2 ||     5
         Blink             |       |       |     2 ||     2
   Stab: Confused          |       |     5 |     6 ||    11
         Sleeping          |       |     1 |       ||     1
 Armour: Robe              |     5 |    22 |    46 ||    73
  Dodge: Dodged            |    15 |    73 |    73 ||   161

Table legend: (Time is in decaauts)
 A = Elapsed time spent in this place.
 B = Non-inter-level travel time spent in this place.
 C = Inter-level travel time spent in this place.
 D = Time resting spent in this place.
 E = Time spent auto-exploring this place.
 F = Levels seen in this place.
 G = Mean time per level.
                   A        B        C        D        E       F      G
               +--------+--------+--------+--------+--------+-----+--------+
         Total |   6730 |   6584 |    146 |    292 |   5246 |   7 |  961.4 |
       Dungeon |   5145 |   5016 |    129 |      0 |   4200 |   5 | 1029.0 |
        Temple |    379 |    362 |     17 |    219 |     71 |   1 |  379.0 |
         Sewer |   1204 |   1204 |      0 |     73 |    975 |   1 | 1204.0 |
               +--------+--------+--------+--------+--------+-----+--------+

Top non-repeatable levels by time:
     D:3: 1469 daAuts
     D:1: 1293 daAuts
   Sewer: 1204 daAuts
     D:4: 1133 daAuts
     D:2: 1088 daAuts
  Temple: 379 daAuts
     D:5: 161 daAuts
